Falls beating gurkas

Match 12668780
End
Selects Airborne Battlegroup
Selects Heavy Machine Gun Paradrop
Heavy Machine Gun Paradrop
Engineer Squad
Construct Barracks
Riflemen Squad
Heavy Machine Gun Paradrop
Selects Paratrooper Squad Paradrop
Paratrooper Squad Paradrop
M1 Mortar Team
Infantry Support Center
Construct Medical Station
Grenade Package
Selects Anti-tank Gun Team Paradrop
M1918 Browning Automatic Rifles
Construct Motor Pool
M8 Greyhound Armored Car
Selects Recon Loiter
Selects Paradrop Reinforcements
Paratrooper Squad Paradrop
Paratrooper Squad Paradrop
Construct Tank Depot
Recon Loiter
Selects Carpet Bombing Run
M4A1 Sherman Medium Tank
Scout Squad
M18 Hellcat Tank Destroyer
Engineer Squad
M4(105) Sherman Bulldozer
Heavy Machine Gun Paradrop
Carpet Bombing Run
Carpet Bombing Run
M4(105) Sherman Bulldozer
M4A1 Sherman Medium Tank
Riflemen Squad
Engineer Squad
Riflemen Squad
TomWPL
Majeranek
heksior
Basilicus Agiad
Vorcon
Para_Dilshan
0
0

Comments sign in to comment!

No comments posted yet!